 Dungeon Crawl Stone Soup version 0.28-a0-998-gb9e9c7b67e (webtiles) character file.

Game seed: 7972990540083251585

3145 demibob the Slicer (level 9, 0/61 HPs)
             Began as a Demonspawn Wanderer on Dec 6, 2021.
             Was a Priest of Kikubaaqudgha.
             Slain by a gnoll sergeant (1 damage)
             ... on level 6 of the Dungeon.
             The game lasted 00:12:35 (6323 turns).

demibob the Slicer (Demonspawn Wanderer)            Turns: 6323, Time: 00:12:36

Health: 0/61       AC:  6    Str: 14    XL:     9   Next: 62%
Magic:  11/13      EV: 13    Int: 12    God:    Kikubaaqudgha [***...]
Gold:   188        SH:  6    Dex: 23    Spells: 4/13 levels left

rFire   + + .      SeeInvis +   a - +3 short sword (pain)
rCold   . . .      Faith    .   n - +0 buckler
rNeg    . . .      Spirit   .   c - +0 robe
rPois   .          Reflect  .   b - +0 helmet
rElec   .          Harm     .   (no cloak)
rCorr   +          Rampage  .   l - +0 pair of gloves
Will    .....                   (no boots)
Stlth   ++........              (no amulet)
HPRegen 0.20/turn               D - +6 ring of dexterity
MPRegen 0.13/turn               d - ring of the King {Contam +Blink rF++ rCorr SInv}

@: brilliant, about to teleport
A: hooves 2, yellow scales 1, demonic guardian 1, foul stench 1
a: Renounce Religion, Evoke Blink, Receive Corpses


You were on level 6 of the Dungeon.
You worshipped Kikubaaqudgha.
Kikubaaqudgha was most pleased with you.
You visited 1 branch of the dungeon, and saw 6 of its levels.
You also visited: Ossuary.

You collected 279 gold pieces.
You spent 91 gold pieces at shops.


Innate Abilities, Weirdness & Mutations

You have hoof-like feet.
You are partially covered in yellow scales. (AC +2)
A weak demonic guardian rushes to your aid.
You may rarely emit foul miasma when damaged in melee.


   Skills:
 - Level 2.0 Fighting
 + Level 10.9 Short Blades
 - Level 2.2 Dodging
 + Level 3.3 Shields
 - Level 2.8 Spellcasting
 - Level 2.0 Summonings
 + Level 9.6 Necromancy
 - Level 2.6 Transmutations
 - Level 1.0 Evocations


You had 4 spell levels left.
You knew the following spells:

 Your Spells              Type           Power      Damage    Failure   Level
e - Excruciating Wounds   Necr           18%        N/A       32%         5
p - Pain                  Necr           100%       1d9       3%          1
v - Vampiric Draining     Necr           37%        2d8       7%          3

Your spell library contained the following spells:

 Spells                   Type           Power      Damage    Failure   Level
 Sublimation of Blood     Necr           37%        N/A       4%          2
 Animate Dead             Necr           18%        N/A       14%         4
 Dispel Undead            Necr           37%        3d15      14%         4
 Corpse Rot               Necr/Air       38%        N/A       16%         2
 Beastly Appendage        Tmut           24%        N/A       22%         1
 Wereblood                Tmut           12%        N/A       32%         2
 Spider Form              Tmut/Pois      7%         N/A       65%         3
 Frozen Ramparts          Ice            4%         1d2       82%         3
 Ice Form                 Ice/Tmut       7%         N/A       94%         4
 Summon Ice Beast         Ice/Summ       6%         N/A       96%         4
 Agony                    Necr           37%        N/A       32%         5
 Borgnjor's Vile Clutch   Necr/Erth      9%         N/A       87%         5

Inventory:

Hand Weapons
 a - a +3 short sword of pain (weapon)
 i - a +0 short sword
Missiles
 e - 2 curare-tipped darts (quivered) {=f}
 t - 8 poisoned darts
Armour
 b - a +0 helmet (worn)
 c - a +0 robe (worn)
 l - a +0 pair of gloves (worn)
 n - a +0 buckler (worn)
Jewellery
 d - the ring of the King (right hand) {Contam +Blink rF++ rCorr SInv}
   (You acquired it in an ossuary)

   [ring of resist corrosion]

   rF:        It greatly protects you from fire.
   SInv:      It lets you see invisible.
   +Blink:    It lets you blink.
   Contam:    It causes magical contamination when unequipped.
   rCorr:     It protects you from acid and corrosion.
 D - a +6 ring of dexterity (left hand)
Wands
 q - a wand of flame (26)
Scrolls
 k - 2 scrolls of teleportation {@r2}
 p - a scroll of enchant weapon
 s - a scroll of amnesia
Potions
 f - 2 potions of curing {@q1}
 h - a potion of attraction
 j - a potion of magic
 m - a potion of haste {unknown}
 o - 2 potions of berserk rage {!q}
 r - 2 potions of flight

Dungeon Overview and Level Annotations

Branches:
Dungeon (6/15)             Temple (0/1) D:5         Ossuary (visited)

Altars:
Kikubaaqudgha
Uskayaw

Shops:
D:3 (!![:   D:6 [ ..# ....... 8.# .?....> ..# ....... 8.# Zgg....

..# ########g...... .##
#.........#... ##
#.............. #
################g.......#.....
#
#...........5@cggg.†.......###
# #.##############Z.......####
# #.# #........# ####.######
#........# #.........#
#........# #.##.######
#........# #.##.# ##########
#.#### #.#


You could see a gnoll sergeant, a centaur (ally target), 3 gnolls, a howler
monkey zombie and a friendly ufetubus (summoned).


Message History

You kill the gnoll!
Kikubaaqudgha accepts your kill.
The centaur shoots an arrow.
The arrow closely misses you.
The centaur unwields a +0 shortbow.
The centaur closely misses you. The centaur kicks you.
* * * LOW HITPOINT WARNING * * *
You block the gnoll sergeant's attack.
Things that are here:
a +0 halberd; a gnoll corpse You feel better.
You block the centaur's attack.
The centaur kicks you but does no damage.
The gnoll sergeant hits you from afar with a +1 trident of freezing!
* * * LOW HITPOINT WARNING * * *
The gnoll sergeant freezes you.
* * * LOW HITPOINT WARNING * * *
A demonic guardian appears!
You feel better. You block the centaur's attack. x2
The centaur closely misses you. The centaur misses you.
The gnoll sergeant hits you from afar with a +1 trident of freezing!
* * * LOW HITPOINT WARNING * * *
The gnoll sergeant freezes you.
* * * LOW HITPOINT WARNING * * *
As you read the scroll of teleportation {@r2}, it crumbles to dust.
You feel strangely unstable. You block the centaur's attack.
The centaur kicks you but does no damage.
The gnoll sergeant hits you from afar with a +1 trident of freezing!
* * * LOW HITPOINT WARNING * * *
The gnoll sergeant freezes you.
You die...
Kikubaaqudgha rasps: "You have failed me!
Welcome... death!"

Skill      XL: |  1  2  3  4  5  6  7  8  9 |
---------------+----------------------------+-----
Short Blades   | 1 2 4 5 10 | 10.9
Necromancy     | 9 |  9.6
Dodging        | 2 |  2.2
Shields        | 2 3 |  3.3
Spellcasting   | 1 2 |  2.8
Fighting       | |  2.0
Summonings     | |  2.0
Transmutations | |  2.6
Evocations     | |  1.0

Action                   |  1- 3 |  4- 6 |  7- 9 || total
-------------------------+-------+-------+-------++-------
Melee: Short sword       |    65 |    76 |   285 ||   426
       Kick              |    16 |    29 |   135 ||   180
       Unarmed           |       |     5 |       ||     5
Throw: Dart              |     2 |     4 |     2 ||     8
 Cast: Beastly Appendage |     1 |       |       ||     1
       Excruciating Woun |       |       |     1 ||     1
  Use: Scroll            |       |     4 |    10 ||    14
       Potion            |       |     1 |     3 ||     4
 Stab: Sleeping          |     3 |     3 |     6 ||    12
Armor: Robe              |    14 |     7 |    25 ||    46
Dodge: Dodged            |    29 |    20 |   102 ||   151
Block: Buckler           |     9 |    18 |    37 ||    64

Levels and vault maps discovered:
D:1:      dpeg_arrival_connections, layout_loops_cross
D:2:      layout_basic, hellmonk_ecumenical_altar_leap_of_faith,
          minmay_shallow_snake_nest, uniq_natasha, uniq_sigmund
D:3:      layout_rooms, serial_shops, nicolae_shop_stone, shop,
          nicolae_shop_trees, nicolae_shop_hallway_stairs, nicolae_shop_crystal
D:4:      layout_gridville, kennysheep_mini_moat, nicolae_ossuary_entry_ruins
D:5:      layout_loops_ring, minmay_temple_entry_statues_fountains
D:6:      layout_basic, zin_statuary, serial_shops, nicolae_take_the_stairs,
          eino_small_chamber_without_monster,
          nicolae_concentric_dashed_squares_mild

Notes
Turn   | Place    | Note
-------+----------+-------------------------------------------
     0 | D:1      | demibob the Demonspawn Wanderer began the quest for the
                  | Orb.
     0 | D:1      | demibob set off with the following items: a +0 short sword,
                  | a +0 buckler, a +0 robe; and the following spell memorised:
                  | Beastly Appendage; and the following spells available to
                  | memorise: Wereblood, Spider Form, Ice Form
     0 | D:1      | Reached XP level 1. HP: 16/16 MP: 1/1
   327 | D:1      | Reached skill level 1 in Short Blades
   584 | D:1      | Gained mutation: You have large cloven feet. [demonic
                  | ancestry]
   584 | D:1      | Reached XP level 2. HP: 21/22 MP: 2/2
  1074 | D:2      | Reached skill level 2 in Short Blades
  1251 | D:2      | Reached XP level 3. HP: 26/27 MP: 3/3
  1524 | D:2      | Noticed Sigmund
  1531 | D:2      | Killed Sigmund
  1532 | D:2      | Reached skill level 4 in Short Blades
  1532 | D:2      | Reached XP level 4. HP: 24/33 MP: 4/4
  1532 | D:2      | Gained mutation: You have hoof-like feet. [demonic
                  | ancestry]
  1532 | D:2      | Reached XP level 5. HP: 28/38 MP: 5/5
  1636 | D:2      | Found a faded altar of an unknown god.
  1725 | D:2      | Noticed Natasha
  1748 | D:2      | Killed Natasha
  1749 | D:2      | Reached skill level 5 in Short Blades
  1980 | D:2      | Noticed Natasha
  1985 | D:2      | Killed Natasha
  1986 | D:2      | Gained mutation: A weak demonic guardian rushes to your
                  | aid. [demonic ancestry]
  1986 | D:2      | Reached XP level 6. HP: 37/44 MP: 6/6
  1995 | D:2      | Noticed Natasha
  2001 | D:2      | Killed Natasha
  2270 | D:3      | Reached skill level 6 in Short Blades
  2293 | D:3      | Found Siani's Book Emporium.
  2367 | D:3      | Found Wuoxur's Antique Armour Emporium.
  2534 | D:2      | Prayed at the altar of an unknown god.
  2534 | D:2      | Became a worshipper of Kikubaaqudgha
  2534 | D:2      | Reached * piety under Kikubaaqudgha
  2534 | D:2      | Received a gift from Kikubaaqudgha
  2537 | D:2      | Learned a level 1 spell: Pain
  2596 | D:3      | Reached skill level 1 in Necromancy
  2816 | D:3      | Found Xephor's Distillery.
  2821 | D:3      | Bought a potion of curing for 39 gold pieces
  2821 | D:3      | Bought a potion of degeneration for 13 gold pieces
  2821 | D:3      | Bought a potion of lignification for 39 gold pieces
  2848 | D:3      | Found Jyvaj's Distillery.
  2863 | D:3      | Found Lovvoyr's Antique Weapon Shop.
  3080 | D:3      | Identified a potion of experience
  3086 | D:3      | Reached skill level 10 in Short Blades
  3086 | D:3      | Reached skill level 9 in Necromancy
  3086 | D:3      | Reached XP level 7. HP: 50/50 MP: 7/7
  3141 | D:4      | Found a sand-covered staircase.
  3150 | Ossuary  | Entered an ossuary
  3400 | Ossuary  | Reached ** piety under Kikubaaqudgha
  3620 | Ossuary  | Gained mutation: You are partially covered in yellow
                  | scales. (AC +2) [demonic ancestry]
  3620 | Ossuary  | Reached XP level 8. HP: 56/56 MP: 8/8
  3829 | Ossuary  | Identified a scroll of acquirement
  3829 | Ossuary  | Acquired the ring of the King {Contam +Blink rF++ rCorr
                  | SInv}
  3837 | Ossuary  | Learned a level 3 spell: Vampiric Draining
  3928 | D:4      | Found a hide-covered altar of Uskayaw.
  4396 | D:4      | Reached skill level 2 in Dodging
  4663 | D:5      | Entered Level 5 of the Dungeon
  4820 | D:5      | Found a staircase to the Ecumenical Temple.
  4957 | D:5      | Reached *** piety under Kikubaaqudgha
  4957 | D:5      | Received a gift from Kikubaaqudgha
  5286 | D:5      | Noticed a two-headed ogre
  5299 | D:5      | Killed a two-headed ogre
  5300 | D:5      | Reached skill level 2 in Shields
  5300 | D:5      | Reached skill level 1 in Spellcasting
  5300 | D:5      | Gained mutation: You may rarely emit foul miasma when
                  | damaged in melee. [demonic ancestry]
  5300 | D:5      | Reached XP level 9. HP: 43/61 MP: 9/11
  5306 | D:5      | Learned a level 5 spell: Excruciating Wounds
  5440 | D:5      | Reached skill level 2 in Spellcasting
  5855 | D:6      | Reached skill level 3 in Shields
  5897 | D:6      | Found Pookas's Armour Shop.
  6323 | D:6      | HP: 1/61 [gnoll sergeant (8)]
  6323 | D:6      | Slain by a gnoll sergeant

Vanquished Creatures
  A two-headed ogre (D:5)
  Sigmund (D:2)
  2 sky beasts
  2 ogres
  A kobold brigand (D:6)
  2 bullfrogs (D:6)
  A wyvern zombie (D:6)
  4 scorpions
  A wyvern skeleton (D:6)
  4 killer bees (D:5)
  3 wights (D:4)
  A bullfrog zombie (D:5)
  2 jellies
  An orc priest (D:3)
  A bullfrog skeleton (D:5)
  3 hounds (D:5)
  A scorpion zombie (D:5)
  3 iguanas
  Natasha (thrice) (D:2)
  An orc wizard (D:6)
  2 hound skeletons
  11 mummies (Ossuary)
  4 adders
  A gnoll (D:6)
  A shadow imp (D:6)
  An adder skeleton (D:2)
  A worm (D:5)
  3 dart slugs
  14 orcs
  6 bats
  5 endoplasms
  5 giant cockroaches
  8 goblins
  4 hobgoblins
  3 quokkas
  12 ball pythons
  3 frilled lizards
  A gnoll skeleton (Ossuary)
  3 goblin skeletons (Ossuary)
  8 kobolds
  2 kobold skeletons (Ossuary)
  2 orc skeletons (Ossuary)
  5 rats
  11 rat skeletons (Ossuary)
154 creatures vanquished.

Vanquished Creatures (others)
  2 plants (D:2)
2 creatures vanquished.

Grand Total: 156 creatures vanquished

Table legend: (Time is in decaauts)
 A = Elapsed time spent in this place.
 B = Non-inter-level travel time spent in this place.
 C = Inter-level travel time spent in this place.
 D = Time resting spent in this place.
 E = Time spent auto-exploring this place.
 F = Levels seen in this place.
 G = Mean time per level.
                   A        B        C        D        E       F      G
               +--------+--------+--------+--------+--------+-----+--------+
         Total |   6221 |   5971 |    250 |    934 |   3971 |   7 |  888.7 |
       Dungeon |   5529 |   5279 |    250 |    934 |   3439 |   6 |  921.5 |
       Ossuary |    692 |    692 |      0 |      0 |    532 |   1 |  692.0 |
               +--------+--------+--------+--------+--------+-----+--------+

Top non-repeatable levels by time:
     D:2: 1275 daAuts
     D:5: 1149 daAuts
     D:1: 1072 daAuts
     D:4: 818 daAuts
     D:3: 759 daAuts
 Ossuary: 692 daAuts
     D:6: 453 daAuts

Table legend:
 A = Non-vault XP
 B = Vault XP
 C = Vault XP percentage of total XP
 D = Non-vault monster count
 E = Vault monster count
 F = Vault count percentage of total count
                 A         B        C        D         E       F
            +---------+---------+-------+---------+---------+-------
      Total |    3375 |     501 |  12.9 |     116 |      38 |  24.7
            +---------+---------+-------+---------+---------+-------
        D:1 |      23 |       0 |   0.0 |      13 |       0 |   0.0
        D:2 |     124 |     284 |  69.6 |      23 |       8 |  25.8
        D:3 |     224 |       0 |   0.0 |      25 |       0 |   0.0
        D:4 |     395 |       0 |   0.0 |      19 |       0 |   0.0
        D:5 |    1892 |       0 |   0.0 |      22 |       0 |   0.0
        D:6 |     717 |       0 |   0.0 |      14 |       0 |   0.0
    Ossuary |       0 |     217 | 100.0 |       0 |      30 | 100.0
            +---------+---------+-------+---------+---------+-------
